 Dungeon Crawl Stone Soup version 0.25-a0-613-gf4b266557c (webtiles) character file.

Game seed: 4294380718415837502, levelgen mode: deterministic

297 Forro the Cudgeler (level 6, -2/38 HPs)
             Began as a Gargoyle Monk on Mar 17, 2020.
             Slain by a kobold (3 damage)
             ... on level 3 of the Dungeon.
             The game lasted 00:24:12 (3406 turns).

Forro the Cudgeler (Gargoyle Monk)                  Turns: 3406, Time: 00:24:14

Health: -2/38      AC:  9    Str: 15    XL:     6   Next: 35%
Magic:  6/6        EV: 12    Int: 11    God:
Gold:   105        SH:  3    Dex: 13    Spells: 5/5 levels left

rFire    . . .     SeeInvis .   a - +0 mace
rCold    . . .     Gourm    .   k - +0 buckler
rNeg     + . .     Faith    .   j - +0 leather armour
rPois    ∞         Spirit   .   h - +0 helmet
rElec    +         Reflect  .   (no cloak)
rCorr    .         Harm     .   f - +0 pair of gloves
MR       .....                  (no boots)
Stlth    ++........             (no amulet)
HPRegen  0.12/turn              (no ring)
MPRegen  0.10/turn              (no ring)

@: no status effects
A: negative energy resistance 1, electricity resistance, unbreathing,
petrification resistance, rot immunity, AC +4
a: no special abilities


You were on level 3 of the Dungeon.
You were hungry.

You visited 1 branch of the dungeon, and saw 3 of its levels.

You collected 105 gold pieces.

Inventory:

Hand Weapons
 a - a +0 mace (weapon)
Armour
 d - a +0 ring mail
 f - a +0 pair of gloves (worn)
 h - a +0 helmet (worn)
 j - a +0 leather armour (worn)
 k - a +0 buckler (worn)
 n - a +0 helmet
 o - a +0 ring mail
Scrolls
 e - a scroll of magic mapping {unknown}
 g - 2 scrolls of immolation {unknown}
 m - a scroll of fear {unknown}
Potions
 b - 2 potions of brilliance {unknown}
 i - a potion of mutation {unknown}
 l - a potion of berserk rage {unknown}
Comestibles
 c - 2 rations


   Skills:
 + Level 4.2 Fighting
 + Level 5.0 Maces & Flails
 + Level 1.7 Armour
 + Level 3.3 Dodging
 + Level 3.2 Stealth
 + Level 0.4 Shields


You had 5 spell levels left.
You didn't know any spells.
Your spell library was empty.

Dungeon Overview and Level Annotations

Branches:
Dungeon (3/15)

Altars:
Elyvilon
Fedhas

Annotations:
D:3 Sigmund


Innate Abilities, Weirdness & Mutations

You are resistant to torment.
Your stone body is resilient. (AC +4)
You are immune to poison.
You resist negative energy. (rN+)
You are resistant to electric shocks. (rElec)
You can survive without breathing.
You are immune to petrification.
You are immune to rotting.


Message History

Sigmund hits you with a +2 scythe of protection.
* * * LOW HITPOINT WARNING * * *
The kobold closely misses you.
You bump into the rock wall.
You feel less confused. You block the kobold's attack.
You hit Sigmund but do no damage.
Sigmund is almost dead.
Sigmund closely misses you. The kobold closely misses you.
You hit Sigmund but do no damage.
Sigmund is almost dead.
Sigmund misses you. The kobold closely misses you.
You hit Sigmund but do no damage.
Sigmund is almost dead.
The kobold hits you but does no damage.
Sigmund casts a spell.
Sigmund flickers and vanishes!
Deactivating autopickup; reactivate with Ctrl-A.
You hit something. The kobold hits you.
You die...

#.....###.....#.##.##.........##.
...........)....##..#....#....##.
...############.......÷..#....##.
.... #..<..##.##...#.#####. g..#
#.............#.#####. ...#
#####.##..##..........
#####.#####.######
#.K...............
#@###..##.....#### #{#
##.##.....# #.# #.##.....# # ..#
#..###.### # %.# ##.# #.# # ...#
#.# #.# # ...# ##.###.# #
....####......######
#...............


You could see a kobold.

Vanquished Creatures
  A sky beast (D:2)
  Natasha (thrice) (D:3)
  3 gnolls (D:2)
  3 adders
  2 oozes
  2 dart slugs (D:1)
  3 leopard geckos
  A ball python (D:1)
  8 bats
  4 giant cockroaches
  7 goblins
  6 hobgoblins
  6 jackals
  4 kobolds
  A quokka (D:3)
  4 frilled lizards (D:3)
  5 rats
63 creatures vanquished.

Vanquished Creatures (others)
  A fungus (D:2)
1 creature vanquished.

Grand Total: 64 creatures vanquished

Notes
Turn   | Place    | Note
-------+----------+-------------------------------------------
     0 | D:1      | Forro the Gargoyle Monk began the quest for the Orb.
     0 | D:1      | Reached XP level 1. HP: 14/14 MP: 1/1
   326 | D:1      | Reached XP level 2. HP: 17/19 MP: 2/2
  1056 | D:1      | Reached XP level 3. HP: 24/24 MP: 3/3
  1643 | D:2      | Noticed a sky beast
  1677 | D:2      | Killed a sky beast
  1677 | D:2      | Reached skill level 4 in Maces & Flails
  1677 | D:2      | Reached XP level 4. HP: 19/29 MP: 4/4
  1677 | D:2      | Reached XP level 5. HP: 22/33 MP: 5/5
  1820 | D:2      | Reached skill level 1 in Armour
  1944 | D:2      | Found a blossoming altar of Fedhas.
  2133 | D:2      | Found a white marble altar of Elyvilon.
  2579 | D:3      | Noticed Natasha
  2594 | D:3      | Killed Natasha
  2709 | D:3      | Noticed Natasha
  2747 | D:3      | Killed Natasha
  2747 | D:3      | Reached XP level 6. HP: 21/38 MP: 6/6
  2781 | D:3      | Noticed Natasha
  2818 | D:3      | Killed Natasha
  3171 | D:3      | Reached skill level 5 in Maces & Flails
  3374 | D:3      | Noticed Sigmund
  3399 | D:3      | HP: 1/38 [Sigmund/puff of flame (12)]
  3406 | D:3      | Slain by a kobold

Levels and vault maps discovered:
D:1:      dpeg_arrival_morbid_curiosity, layout_basic, minmay_misc_feat_tiny,
          chequers_serial_rivers_marsh, chequers_serial_rivers_micro_e,
          minmay_ruptured
D:2:      layout_basic, elyvilon_altar_5, fedhas_altar_3
D:3:      layout_basic, uniq_sigmund, uniq_natasha

Skill      XL: |  1  2  3  4  5  6 |
---------------+-------------------+-----
Fighting       | 4 |  4.2
Maces & Flails | 4 5 |  5.0
Dodging        | 3 |  3.3
Armour         | 1 |  1.7
Stealth        | 3 |  3.2
Shields        | |  0.4

Action                   |  1- 3 |  4- 6 || total
-------------------------+-------+-------++-------
Melee: Mace              |    76 |   208 ||   284
  Use: Scroll            |     4 |     1 ||     5
 Stab: Sleeping          |     4 |     6 ||    10
  Eat: Chunk             |     2 |     2 ||     4
       Ration            |       |     1 ||     1
Armor: Robe              |    13 |       ||    13
       Leather armour    |    20 |   107 ||   127
Dodge: Dodged            |    44 |   182 ||   226
Block: Buckler           |     7 |    34 ||    41

Table legend:
 A = Non-vault XP
 B = Vault XP
 C = Vault XP percentage of total XP
 D = Non-vault monster count
 E = Vault monster count
 F = Vault count percentage of total count
                 A         B        C        D         E       F
            +---------+---------+-------+---------+---------+-------
      Total |     376 |      49 |  11.5 |      55 |       8 |  12.7
            +---------+---------+-------+---------+---------+-------
        D:1 |      21 |      14 |  40.0 |       7 |       7 |  50.0
        D:2 |     217 |       0 |   0.0 |      18 |       0 |   0.0
        D:3 |     138 |      35 |  20.2 |      30 |       1 |   3.2
            +---------+---------+-------+---------+---------+-------
